 Dungeon Crawl Stone Soup version 0.30-a0-748-ge6a52f7cba (webtiles) character file.

Game seed: 1868117711726254600

3 Leeroy the Grasshopper (level 1, 0/11 HPs)
             Began as a Vine Stalker Warper on Feb 8, 2023.
             Constricted to death by a ball python (1 damage)
             ... on level 1 of the Dungeon.
             The game lasted 00:00:12 (34 turns).

Leeroy the Grasshopper (Vine Stalker Warper)          Turns: 34, Time: 00:00:13

Health: 0/11       AC:  3    Str: 13    XL:     1   Next: 50%
Magic:  0/4        EV:  8    Int: 13    God:
Gold:   15         SH:  0    Dex: 13    Spells: 4/4 levels left

rFire   . . .      SeeInvis .    a - +0 falchion
rCold   . . .      Faith    .    (no shield)
rNeg    . . .      Spirit   +    b - +0 leather armour
rPois   .          Reflect  .    (no helmet)
rElec   .          Harm     .    (no cloak)
rCorr   .          Rampage  .    (no gloves)
Will    .....                    (no boots)
Stlth   +                        (no amulet)
HPRegen 0.21/turn                (no ring)
MPRegen 0.09/turn                (no ring)

@: constricted
A: fangs 2, magic shield, antimagic bite, no potion heal 2
a: no special abilities


You were on level 1 of the Dungeon.
You visited 1 branch of the dungeon, and saw 1 of its levels.

You collected 15 gold pieces.

Inventory:

Hand Weapons
 a - a +0 falchion (weapon)
Missiles
 d - 7 boomerangs of dispersal (quivered)
Armour
 b - a +0 leather armour (worn)
Scrolls
 c - a scroll of blinking
Potions
 e - a potion of curing {unknown}


   Skills:
 - Level 1.7 Fighting
 + Level 2.1 Long Blades
 - Level 0.8 Throwing
 - Level 0.7 Armour
 - Level 1.5 Dodging
 - Level 2.1 Spellcasting
 - Level 3.0 Translocations


You had 4 spell levels left.
You didn't know any spells.
Your spell library contained the following spells:

 Spells                   Type           Power      Damage    Failure   Level
 Blink                    Tloc           18%        N/A       14%         2
 Lesser Beckoning         Tloc           18%        N/A       14%         2
 Teleport Other           Tloc           9%         N/A       28%         3
 Vhi's Electric Charge    Tloc/Air       10%        N/A       45%         3
 Manifold Assault         Tloc           9%         N/A       67%         4


Dungeon Overview and Level Annotations

Branches:
Dungeon (1/15)

Altars:


Innate Abilities, Weirdness & Mutations

You have extremely sharp teeth.
When hurt, damage is shared between your health and your magic reserves.
Your bite disrupts and absorbs the magic of your enemies.
Potions cannot restore your health.


Message History

The jackal attacks as you move away! The jackal completely misses you.
You are too injured to fight recklessly!
You hit the jackal but do no damage. You bite the jackal.
You kill the jackal!
You closely miss the rat. The rat barely misses you.
You hit the rat.
You kill the rat!
A goblin comes into view. It is wielding a +0 dagger.
The rat twitches its whiskers.
The kobold hits you with a +0 short sword.
The rat bites you but does no damage. The kobold closely misses you.
Your Long Blades skill increases to level 2!
The goblin shouts!
You hit the kobold.
You kill the kobold!
The rat bites you but does no damage.
You barely miss the jackal.
The jackal bites you but does no damage.
The jackal closely misses you. The rat bites you.
You closely miss the jackal. The jackal bites you.
* * * LOW HITPOINT WARNING * * *
The frilled lizard bites you.
* * * LOW HITPOINT WARNING * * *
The rat bites you.
* * * LOW HITPOINT WARNING * * *
The jackal closely misses you.
You hit the rat but do no damage. You bite the rat.
You kill the rat!
The goblin closely misses you. The frilled lizard closely misses you.
The jackal barely misses you. The jackal attacks as you move away!
The jackal barely misses you. The ball python barely misses you.
The ball python grabs you. The ball python constricts you.
The jackal bites you but does no damage.
Things that are here:
a rat corpse; a rat corpse You slash the jackal!
You kill the jackal!
The ball python bites you. The ball python constricts you.
You die...

.#.....#...#.....#.
..##....#.#....##..
....##.......##....
......#.....#......
........<(........
......#.....#......
....##.g.....##....
...##..l†#S#....##.
..#....)#@..#.....#
........#...#.......
.......#.....#......
#......#.....#......
#.....#.......#.....
...................#
...#................
................#..
..###########......


You could see a goblin, a ball python and a frilled lizard.

Vanquished Creatures
  2 jackals (D:1)
  A kobold (D:1)
  2 rats (D:1)
5 creatures vanquished.

Notes
Turn   | Place    | Note
-------+----------+-------------------------------------------
     0 | D:1      | Leeroy the Vine Stalker Warper began the quest for the Orb.
     0 | D:1      | Reached XP level 1. HP: 11/11 MP: 4/4
    34 | D:1      | Constricted to death by a ball python

Illustrated notes

Levels and vault maps discovered:
D:1:      minmay_arrival_radiant_lines, layout_basic, serial_glass,
          glass_columns_b, glass_columns_a, glass_columns_b, glass_columns_b,
          glass_columns_a, glass_columns_b, glass_columns_c, glass_columns_a,
          glass_columns_c, glass_columns_a, due_unseen_surprise,
          item_on_display_a, feat_on_display, minmay_strange_pillars

Skill      XL: |  1 |
---------------+----+-----
Long Blades    | 2 |  2.1
Fighting       | |  1.7
Throwing       | |  0.8
Armour         | |  0.7
Dodging        | |  1.5
Spellcasting   | |  2.1
Translocations | |  3.0

Action                     || total
---------------------------++-------
  Melee: Falchion          ||    15
         Bite              ||     3
 Armour: Leather armour    ||    15
  Dodge: Dodged            ||    31

Table legend: (Time is in decaauts)
 A = Elapsed time spent in this place.
 B = Non-inter-level travel time spent in this place.
 C = Inter-level travel time spent in this place.
 D = Time resting spent in this place.
 E = Time spent auto-exploring this place.
 F = Levels seen in this place.
 G = Mean time per level.
                   A        B        C        D        E       F      G
               +--------+--------+--------+--------+--------+-----+--------+
         Total |     36 |     36 |      0 |      0 |      8 |   1 |   36.0 |
       Dungeon |     36 |     36 |      0 |      0 |      8 |   1 |   36.0 |
               +--------+--------+--------+--------+--------+-----+--------+

Top non-repeatable levels by time:
     D:1: 36 daAuts
